 Dungeon Crawl Stone Soup version 0.30-a0-723-gc1506a1cf0 (webtiles) character file.

Game seed: 4494955529303594452

167 timneilson the Covered (level 5, -3/33 HPs)
             Began as a Gargoyle Fighter on Jan 29, 2023.
             Slain by an iguana (9 damage)
             ... on level 4 of the Dungeon.
             The game lasted 00:02:44 (2781 turns).

timneilson the Covered (Gargoyle Fighter)           Turns: 2781, Time: 00:02:44

Health: -3/33      AC: 11    Str: 22    XL:     5   Next: 48%
Magic:  5/5        EV:  9    Int:  8    God:
Gold:   88         SH:  4    Dex:  9    Spells: 4/4 levels left

rFire   . . .      SeeInvis .    a - +1 long sword
rCold   . . .      Faith    .    c - +0 buckler
rNeg    + . .      Spirit   .    b - +0 scale mail
rPois   ∞          Reflect  .    (no helmet)
rElec   +          Harm     .    (no cloak)
rCorr   .          Rampage  .    (no gloves)
Will    +....                    (no boots) Stlth
                                 (no amulet)
HPRegen 0.25/turn                g - ring of willpower
MPRegen 0.09/turn                (no ring)

@: no status effects
A: sickness immunity, AC +4, negative energy resistance 1, electricity
resistance, torment resistance 1, petrification resistance
a: no special abilities


You were on level 4 of the Dungeon.
You visited 1 branch of the dungeon, and saw 4 of its levels.

You collected 88 gold pieces.

Inventory:

Hand Weapons
 a - a +1 long sword (weapon)
Armour
 b - a +0 scale mail (worn)
 c - a +0 buckler (worn)
Jewellery
 g - a ring of willpower (left hand)
Scrolls
 h - 2 scrolls of fear
Potions
 d - a potion of might
 e - 2 potions of lignification
 f - 4 potions of ambrosia
 i - a potion of brilliance {unknown}
 j - a potion of resistance {unknown}
 k - a potion of attraction {unknown}
 l - a potion of curing {unknown}


   Skills:
 + Level 3.8 Fighting
 * Level 2.8 Long Blades
 * Level 4.4 Armour
 + Level 1.1 Dodging
 * Level 4.2 Shields


You had 4 spell levels left.
You didn't know any spells.
Your spell library contained the following spells:

 Spells                   Type           Power      Damage    Failure   Level
 Beastly Appendage        Tmut           0%         N/A       82%         1
 Magic Dart               Conj           0%         1d3       82%         1
 Sting                    Tmut/Pois      0%         1d3       82%         1
 Blink                    Tloc           0%         N/A       91%         2
 Poisonous Vapours        Pois/Air       0%         N/A       91%         2
 Searing Ray              Conj           0%         2d4       91%         2
 Wereblood                Tmut           0%         N/A       91%         2
 Spider Form              Tmut/Pois      0%         N/A       99%         3
 Fulminant Prism          Conj/Hex       0%         3d5       100%        4
 Manifold Assault         Tloc           0%         N/A       100%        4
 Olgreb's Toxic Radiance  Pois           0%         N/A       100%        4
 Storm Form               Tmut/Air       0%         N/A       100%        7


Dungeon Overview and Level Annotations

Branches:
Dungeon (4/15)
 Temple: D:4-7

Altars:


Innate Abilities, Weirdness & Mutations

You are immune to sickness and miasma.
Your stone body is resilient. (AC +4)
You are immune to poison.
You resist negative energy. (rN+)
You are resistant to electric shocks. (rElec)
You are resistant to unholy torment.
You are immune to petrification.


Message History

The orc is almost dead.
The orc hits you but does no damage. x2
You slash the orc!
You kill the orc!
You barely miss the orc. The orc closely misses you.
You slash the orc!
The orc is almost dead.
The orc hits you with a +0 flail! The orc hits you but does no damage.
You barely miss the orc.
The orc is severely wounded.
The orc hits you but does no damage.
You hit the orc.
You kill the orc!
You hit the endoplasm.
The endoplasm is heavily wounded.
The endoplasm completely misses you. You block the endoplasm's attack.
You hit the endoplasm.
The endoplasm is almost dead.
The endoplasm freezes you.
You are frozen.
You hit the endoplasm.
You kill the endoplasm!
You barely miss the hobgoblin. The hobgoblin hits you.
* * * LOW HITPOINT WARNING * * *
The hobgoblin closely misses you.
You hit the hobgoblin.
The hobgoblin is lightly wounded.
You block the hobgoblin's attack.
You slash the hobgoblin!
You kill the hobgoblin!
You hit the orc.
You kill the orc!
The iguana bites you but does no damage.
You completely miss the iguana. The iguana bites you.
* * * LOW HITPOINT WARNING * * *
You hit the iguana but do no damage. The iguana barely misses you.
You hit the iguana.
The iguana is lightly wounded.
The iguana bites you!
You die...

#.######
##.# #..#
#.## ..
####.# #.
#....# .#.
#.##.####
.....
#.#..#
...#.#K#@##
..#...o.#l#
......##oK#
.........##
.#l....###
.......
###....
#.... #....


You could see an iguana, an orc and a kobold.

Vanquished Creatures
  A centaur (D:4)
  An adder (D:3)
  A white imp (D:3)
  2 worms
  4 orcs
  2 bats
  6 endoplasms
  4 giant cockroaches
  3 goblins
  10 hobgoblins
  4 jackals
  3 kobolds
  4 quokkas
  4 ball pythons
  5 frilled lizards
  3 rats
57 creatures vanquished.

Vanquished Creatures (others)
  A plant (D:3)
1 creature vanquished.

Grand Total: 58 creatures vanquished

Notes
Turn   | Place    | Note
-------+----------+-------------------------------------------
     0 | D:1      | timneilson the Gargoyle Fighter began the quest for the
                  | Orb.
     0 | D:1      | Reached XP level 1. HP: 14/14 MP: 1/1
   105 | D:1      | Reached XP level 2. HP: 19/19 MP: 2/2
  1002 | D:2      | Reached XP level 3. HP: 17/23 MP: 3/3
  2104 | D:3      | Reached XP level 4. HP: 27/28 MP: 4/4
  2126 | D:3      | Found a faded altar of an unknown god.
  2748 | D:4      | Noticed a centaur
  2765 | D:4      | Killed a centaur
  2766 | D:4      | Reached skill level 1 in Dodging
  2766 | D:4      | Reached XP level 5. HP: 16/33 MP: 5/5
  2781 | D:4      | Slain by an iguana

Illustrated notes

Levels and vault maps discovered:
D:1:      shiori_arrival_oz, layout_loops_ring, roderic_lattice_a
D:2:      layout_basic, kennysheep_path_1
D:3:      layout_loops_ring, shapermc_ecumenical_altar_mp_ritualfount,
          kennysheep_generic_room_3
D:4:      layout_rooms, due_unseen_surprise

Skill      XL: |  1  2  3  4 |
---------------+-------------+-----
Long Blades    | 2 |  2.8
Armour         | 4 |  4.4
Dodging        | 1 |  1.1
Shields        | 4 |  4.2
Fighting       | |  3.8

Action                     |  1- 3 |  4- 6 || total
---------------------------+-------+-------++-------
  Melee: Long sword        |   149 |    62 ||   211
    Use: Scroll            |     6 |     1 ||     7
 Armour: Scale mail        |    96 |    40 ||   136
  Dodge: Dodged            |    88 |    37 ||   125
  Block: Buckler           |    31 |    19 ||    50

Table legend: (Time is in decaauts)
 A = Elapsed time spent in this place.
 B = Non-inter-level travel time spent in this place.
 C = Inter-level travel time spent in this place.
 D = Time resting spent in this place.
 E = Time spent auto-exploring this place.
 F = Levels seen in this place.
 G = Mean time per level.
                   A        B        C        D        E       F      G
               +--------+--------+--------+--------+--------+-----+--------+
         Total |   2851 |   2782 |     69 |      0 |   2334 |   4 |  712.8 |
       Dungeon |   2851 |   2782 |     69 |      0 |   2334 |   4 |  712.8 |
               +--------+--------+--------+--------+--------+-----+--------+

Top non-repeatable levels by time:
     D:2: 1078 daAuts
     D:1: 974 daAuts
     D:3: 720 daAuts
     D:4: 77 daAuts
